 Dungeon Crawl Stone Soup version 0.30-b1-2-g02819fbbbe (webtiles) character file.

Game seed: 11276652792631794269

39 MisterFreud the Changer (level 3, 0/28 HPs)
             Began as a Draconian Transmuter on May 9, 2023.
             Slain by Sigmund
             ... wielding a +0 scythe
              (4 damage)
             ... on level 2 of the Dungeon.
             The game lasted 00:02:51 (1119 turns).

MisterFreud the Changer (Draconian Transmuter)      Turns: 1119, Time: 00:02:51

Health: 0/28       AC:  5    Str: 12    XL:     3   Next: 26%
Magic:  6/6        EV: 11    Int: 15    God:
Gold:   77         SH:  3    Dex: 11    Spells: 5/6 levels left

rFire   . .          .
                       - Unarmed
rCold   . . .        c - +0 buckler
rNeg    . . .        (body armour unavailable)
rPois   .            (helmet restricted)
rElec   .            (no cloak)
rCorr   .            (no gloves)
SInv    .            (no boots)
Will    .....        (no amulet)
Stlth   +            (no ring)
HPRegen 0.24/turn    (no ring)
MPRegen 0.10/turn

%: no passive effects
@: no status effects
A: AC +5, unfitting armour, cold-blooded
a: no special abilities


You were on level 2 of the Dungeon.
You visited 1 branch of the dungeon, and saw 2 of its levels.

You collected 110 gold pieces.
You spent 33 gold pieces at shops.

Inventory:

Armour
 c - a +0 buckler (worn)
Jewellery
 b - a ring of protection from cold
 d - a ring of flight
Scrolls
 g - a scroll of teleportation
Potions
 e - a potion of flight
 h - 2 potions of curing {unknown}


   Skills:
 - Level 1.1 Fighting
 - Level 1.7 Dodging
 - Level 3.0 Unarmed Combat
 - Level 2.0 Spellcasting
 + Level 3.7 Transmutations


You had 5 spell levels left.
You knew the following spells:

 Your Spells              Type           Power      Damage    Failure   Level
a - Beastly Appendage     Tmut           24%        N/A       7%          1

Your spell library contained the following spells:

 Spells                   Type           Power      Damage    Failure   Level
 Wereblood                Tmut           12%        N/A       11%         2
 Spider Form              Tmut/Pois      7%         N/A       41%         3
 Ice Form                 Ice/Tmut       7%         N/A       83%         4


Dungeon Overview and Level Annotations

Branches:
Dungeon (2/15)

Altars:

Shops:
D:1 ?:

Annotations:
D:2 Sigmund


Innate Abilities, Weirdness & Mutations

Your plain brown scales are hard. (AC +5)
You cannot fit into any form of body armour.
You are cold-blooded and may be slowed by cold attacks.


Message History

You aren't carrying any items that you can evoke.
Unknown command.
Something hits you! You block something's attack.
You hear some strange, mumbled words.
You are confused.
You hear some strange, mumbled words.
Something tries to affect you, but you resist.
Something hits you but does no damage.
A magic dart appears from out of thin air!
The magic dart hits you. Something hits you but does no damage.
You feel less confused. Something hits you.
Something hits you but does no damage. Something hits you but does no damage.
You hear some strange, mumbled words.
A puff of flame appears from out of thin air!
The puff of flame hits you. Something hits you but does no damage.
Something hits you. Something hits you but does no damage.
Your transformation is almost over.
Something hits you. Something hits you but does no damage. Something hits you.
Something hits you. Something hits you but does no damage.
You hear some strange, mumbled words.
A puff of flame appears from out of thin air!
The puff of flame hits you!
* * * LOW HITPOINT WARNING * * *
Something hits you but does no damage.
You feel less wooden.
Found 2 scrolls labelled RASCHI UXARHYEMN.
Something hits you.
* * * LOW HITPOINT WARNING * * *
There is an escape hatch in the ceiling here.
Something hits you.
You die...

#. #.# #. #.# .
#. #.#
#.####.#####.#
#....(.......#
###.......####
###.......####.?.
...............#
###......@#####
#.......#
#.......#
#..(...$..
####.###### #. #.
#.


There were no monsters in sight!

Vanquished Creatures
  2 dart slugs
  2 ball pythons (D:1)
  6 bats
  2 endoplasms (D:1)
  A goblin (D:1)
  3 hobgoblins
  6 jackals (D:1)
  2 quokkas (D:1)
  3 frilled lizards
  2 kobolds
  2 rats
31 creatures vanquished.

Notes
Turn   | Place    | Note
-------+----------+-------------------------------------------
     0 | D:1      | MisterFreud the Draconian Transmuter began the quest for
                  | the Orb.
     0 | D:1      | Reached XP level 1. HP: 16/16 MP: 3/3
   242 | D:1      | Found Eklycvoh's Magic Scroll Shop.
   253 | D:1      | Bought a scroll of teleportation for 33 gold pieces
   268 | D:1      | Reached XP level 2. HP: 23/23 MP: 5/5
   492 | D:1      | Found Lol Wymi's Book Shoppe.
   582 | D:1      | Reached XP level 3. HP: 28/28 MP: 6/6
  1069 | D:2      | Noticed Sigmund
  1119 | D:2      | Slain by Sigmund

Illustrated notes

Levels and vault maps discovered:
D:1:      dpeg_arrival_refuge, layout_loops_ring, serial_shops,
          nicolae_shop_just_a_little_nook, shop, hangedman_abyss_or_decor_stabs
D:2:      layout_loops_ring, serial_aquarium, aquarium_bridge_island_small
          [aquarium_subvault_small_open, aquarium_subvault_window,
          aquarium_subvault_window, aquarium_subvault_wall,
          aquarium_subvault_bridge], aquarium_window_1, aquarium_window_fake,
          aquarium_window_corridor_1, aquarium_view_2e, uniq_sigmund

Skill      XL: |  1  2 |
---------------+-------+-----
Transmutations | 3 |  3.7
Fighting       | |  1.1
Dodging        | |  1.7
Unarmed Combat | |  3.0
Spellcasting   | |  2.0

Action                     || total
---------------------------++-------
  Melee: Unarmed           ||   142
         Tailslap          ||    16
  Throw: Dart              ||     5
    Use: Potion            ||     2
         Scroll            ||     1
   Stab: Sleeping          ||     3
 Armour: Skin              ||    75
  Dodge: Dodged            ||    97
  Block: Buckler           ||    24
